 Dungeon Crawl Stone Soup version 0.28.0-47-ge53b351184 (webtiles) character file.

Game seed: 3133138947800894435

96 Bruhh the Ducker (level 4, 31/31 HPs)
             Began as a Djinni Fire Elementalist on Apr 30, 2022.
             Quit the game on level 2 of the Dungeon.
             The game lasted 00:01:01 (2072 turns).

Bruhh the Ducker (Djinni Fire Elementalist)         Turns: 2072, Time: 00:01:02

Health: 31/31      AC:  2    Str:  7    XL:     4   Next: 98%
Gold:   21         EV: 13    Int: 18    God:
                   SH:  0    Dex: 14

rFire   + + .      SeeInvis .   (no weapon)
rCold   x . .      Faith    .   (no shield)
rNeg    . . .      Spirit   .   a - +0 robe
rPois   ∞          Reflect  .   (no helmet)
rElec   .          Harm     .   (no cloak)
rCorr   .          Rampage  .   (no gloves)
Will    .....                   (boots unavailable)
Stlth   ++........              (no amulet)
HPRegen 0.10/turn               (no ring)
MPRegen 0.00/turn               (no ring)

@: flying
A: sickness immunity, fire resistance 2, cold vulnerability 1, float, innate
caster, HP casting, extra vitality 1
a: no special abilities


You were on level 2 of the Dungeon.
You visited 1 branch of the dungeon, and saw 2 of its levels.

You collected 21 gold pieces.

Inventory:

Armour
 a - a +0 robe (worn)
Scrolls
 b - 2 scrolls of identify {unknown}
 d - a scroll of enchant armour {unknown}
 e - a scroll of vulnerability {unknown}
Potions
 c - a potion of ambrosia {unknown}
 f - a potion of cancellation {unknown}
 g - a potion of magic {unknown}


   Skills:
 + Level 3.4 Dodging
 + Level 2.7 Stealth
 + Level 3.0 Spellcasting


You couldn't memorise any spells.
You knew the following spells:

 Your Spells              Type           Power      Damage    Failure   Level
a - Foxfire               Conj/Fire      52%        2x1d6     4%          1
b - Scorch                Fire           26%        2d6       7%          2
c - Conjure Flame         Conj/Fire      13%        6-21      14%         3
d - Inner Flame           Hex/Fire       13%        N/A       14%         3
e - Flame Wave            Conj/Fire      13%        2d6       41%         4
f - Animate Skeleton      Necr           26%        N/A       4%          1
Your spell library was empty.

Dungeon Overview and Level Annotations

Branches:
Dungeon (2/15)

Altars:


Innate Abilities, Weirdness & Mutations

You are immune to sickness and miasma.
You are immune to poison.
Your flesh is very heat resistant. (rF++)
You are vulnerable to cold. (rC-)
You float through the air rather than walking.
You learn spells naturally, not from books.
Your magical power is your life essence.
You have superior vitality. (+4 MHP)


Message History

The worm's fire resistance burns away.
A bat comes into view.
Flames lash the worm.
The worm is burned terribly!
You kill the worm!
The bat barely misses you.
Your Dodging skill increases to level 3!
Flames lash the bat.
You kill the bat!
You can't see any susceptible monsters within range! (Use Z to cast anyway.)
A scorpion comes into view.
You can't see any susceptible monsters within range! (Use Z to cast anyway.)
A scorpion is nearby!
A scorpion is nearby!
Flames lash the scorpion.
The scorpion is moderately wounded.
The scorpion's fire resistance burns away.
Flames lash the scorpion.
The scorpion is burned terribly!
The scorpion is almost dead.
Flames lash the scorpion.
The scorpion is almost dead.
The scorpion misses you.
You are too injured to fight recklessly!
Casting: Scorch (safe; 9% risk of failure)
Confirm with . or Enter, or press ? or * to list all spells.
You don't know that spell.
You are too injured to fight recklessly!
Casting: Scorch (safe; 9% risk of failure)
Confirm with . or Enter, or press ? or * to list all spells.
Flames lash the scorpion.
The scorpion is burned terribly!
You kill the scorpion!
Your Spellcasting skill increases to level 3!
You have reached level 4!
You feel agile.
Things that are here:
a scorpion corpse; a worm corpse
Found the +8 mithril axe "Arga" {speed, Will+}.
Found an escape hatch in the ceiling.
A bat comes into view.
A bat is nearby!
Are you sure you want to abandon this character and quit the game? (Confirm with "yes".)

#..........##
##.##.####
..###.......#
#........
#...###.#
##..#.#...
#.###
##.###.....<...
..#
#....#.#.#.##
#.#
####.#.....# #.
#.###.### .
..#######.# .#
.......@..# #
b.#########


You could see a bat (asleep).

Vanquished Creatures
  A scorpion (D:2)
  A worm (D:2)
  2 dart slugs (D:1)
  5 bats
  3 endoplasms
  2 goblins (D:1)
  4 hobgoblins (D:1)
  2 jackals (D:1)
  2 quokkas (D:2)
  3 frilled lizards
  2 kobolds (D:1)
  3 rats (D:1)
30 creatures vanquished.

Vanquished Creatures (others)
  34 foxfires (D:1)
34 creatures vanquished.

Grand Total: 64 creatures vanquished

Notes
Turn   | Place    | Note
-------+----------+-------------------------------------------
     0 | D:1      | Bruhh the Djinni Fire Elementalist began the quest for the
                  | Orb.
     0 | D:1      | Reached XP level 1. HP: 15/15 MP: 0/0
   483 | D:1      | Reached XP level 2. HP: 19/21 MP: 0/0
   510 | D:1      | Found a faded altar of an unknown god.
  1228 | D:1      | Reached XP level 3. HP: 22/25 MP: 0/0
  1228 | D:1      | Learned a level 1 spell: Animate Skeleton
  1859 | D:2      | Noticed a scorpion
  1864 | D:2      | Killed a scorpion
  1865 | D:2      | Reached XP level 4. HP: 13/31 MP: 0/0
  2051 | D:2      | Found the +8 mithril axe "Arga" {speed, Will+}
  2072 | D:2      | Quit the game

Illustrated notes

Levels and vault maps discovered:
D:1:      lemuel_arrival_tunnels, layout_basic,
          hellmonk_ecumenical_altar_heavens_door, minmay_misc_feat_nine_boxes
D:2:      layout_loops_ring

Skill      XL: |  1  2  3 |
---------------+----------+-----
Stealth        | 2 |  2.7
Dodging        | 3 |  3.4
Spellcasting   | 3 |  3.0

Action                   |  1- 3 |  4- 6 || total
-------------------------+-------+-------++-------
Melee: Unarmed           |     6 |       ||     6
       Punch             |     1 |       ||     1
 Cast: Foxfire           |    21 |       ||    21
       Scorch            |    35 |       ||    35
Armor: Robe              |     2 |       ||     2
Dodge: Dodged            |    21 |       ||    21
